[Event "ICC tourney 1934 (60 10)"]
[Site "Internet Chess Club"]
[Date "2020.07.25"]
[Round "3"]
[White "winner08"]
[Black "Ajitesh20091"]
[Result "1/2-1/2"]
[ICCResult "Game drawn by repetition"]
[WhiteElo "1636"]
[BlackElo "1448"]
[Opening "Scotch: Schmidt variation"]
[ECO "C45"]
[NIC "SO.03"]
[Time "17:02:09"]
[TimeControl "3600+10"]

1. e4 e5 2. Nf3 Nc6 3. d4 exd4 4. Nxd4 Nf6 5. Nc3 Bb4 6. Nxc6 bxc6 7. Bd3 d5
8. exd5 cxd5 9. O-O O-O 10. Bg5 c6 11. Qf3 Bd6 12. h3 Bd7 13. Ne2 Rb8 14. b3
Be5 15. Rad1 Re8 16. c4 h6 17. Bf4 Qa5 18. cxd5 cxd5 19. Rfe1 Bxf4 20. Qxf4
Qxa2 21. Ra1 Qb2 22. Reb1 Qe5 23. Rxa7 Qxf4 24. Nxf4 Bb5 25. Bxb5 Rxb5 26.
Nd3 Ne4 27. b4 Nc3 28. Rb3 d4 29. Rba3 Re2 30. Rd7 Rb8 31. Raa7 Nb5 32. Ra5
Nc3 33. Rf5 Rd2 34. Nc5 Rf8 35. Re7 Rb2 36. Nd7 Rb1+ 37. Kh2 d3 38. Nxf8 d2
39. Rfxf7 d1=Q 40. Rxg7+ Kxf8 41. Rgf7+ Kg8 42. Rg7+ Kf8 43. Rgf7+ Kg8 44.
Rg7+ Kf8 45. Rgf7+ Kg8 {Game drawn by repetition} 1/2-1/2

[Event "ICC tourney 1934 (60 10)"]
[Site "Internet Chess Club"]
[Date "2020.07.25"]
[Round "3"]
[White "rachael1120"]
[Black "sillytiger"]
[Result "1-0"]
[ICCResult "Black checkmated"]
[WhiteElo "1440"]
[BlackElo "1270"]
[Opening "Sicilian: O'Kelly variation"]
[ECO "B28"]
[NIC "SI.43"]
[Time "17:01:13"]
[TimeControl "3600+10"]

1. e4 c5 2. Nf3 a6 3. d4 cxd4 4. Nxd4 Nf6 5. Nc3 e5 6. Nf3 Bb4 7. Bd3 d5 8.
Nxe5 Qc7 9. f4 dxe4 10. Bc4 O-O 11. O-O Nc6 12. Nxc6 Qxc6 13. Bb3 Bxc3 14.
bxc3 Qxc3 15. Ba3 Re8 16. Rb1 e3 17. Re1 Bg4 18. Qd3 Qa5 19. Bb2 Rad8 20.
Qc3 Qxc3 21. Bxc3 e2 22. h3 Bh5 23. g4 Nxg4 24. hxg4 Bxg4 25. Be5 b5 26. Kf2
Rd1 27. c4 Rxb1 28. Rxb1 e1=R 29. Rxe1 f6 30. cxb5+ Kh8 31. Bd4 Rxe1 32.
Kxe1 axb5 33. Bd5 Bd7 34. Kd2 g5 35. Bxf6# {Black checkmated} 1-0

[Event "ICC tourney 1934 (60 10)"]
[Site "Internet Chess Club"]
[Date "2020.07.25"]
[Round "3"]
[White "IndianTerritory"]
[Black "kwen2008"]
[Result "1-0"]
[ICCResult "Black checkmated"]
[WhiteElo "1691"]
[BlackElo "1675"]
[Opening "Giuoco Pianissimo"]
[ECO "C50"]
[NIC "IG.02"]
[Time "17:01:23"]
[TimeControl "3600+10"]

1. e4 e5 2. Nf3 Nc6 3. Bc4 Bc5 4. d3 h6 5. c3 Nf6 6. b4 Bb6 7. b5 Na5 8.
Nxe5 Nxc4 9. Nxc4 O-O 10. e5 Nd5 11. Qf3 c6 12. Qg3 Ne7 13. Nd6 Bc7 14. Bxh6
Ng6 15. Bg5 f6 16. Bxf6 gxf6 17. Qxg6+ Kh8 18. Nf7+ Rxf7 19. Qxf7 Bxe5 20.
Qh5+ Kg7 21. d4 Bc7 22. Nd2 d5 23. bxc6 bxc6 24. O-O Qd6 25. f4 Qe6 26. Rae1
Qf7 27. Qe2 Bf5 28. Rf3 Bg6 29. f5 Bh5 30. g4 Re8 31. Qxe8 Qxe8 32. Rxe8
Bxe8 33. h4 Bb6 34. Nb3 a5 35. Nc5 Bxc5 36. dxc5 Bd7 37. c4 dxc4 38. Rc3 Bc8
39. Rxc4 Ba6 40. Ra4 Be2 41. g5 Bd3 42. Rxa5 Bxf5 43. Ra7+ Kg6 44. gxf6 Kxf6
45. a4 Ke5 46. Rc7 Kd5 47. Ra7 Bg4 48. Rg7 Be2 49. Rg5+ Kc4 50. h5 Kb4 51.
h6 Bd3 52. Rg7 Kxa4 53. h7 Bxh7 54. Rxh7 Kb5 55. Rh5 Kc4 56. Kf2 Kd4 57. Ke2
Kc4 58. Rh4+ Kxc5 59. Kd3 Kd5 60. Kc3 Kc5 61. Rh5+ Kd6 62. Kc4 Kc7 63. Kc5
Kb7 64. Rh7+ Kc8 65. Kxc6 Kd8 66. Ra7 Ke8 67. Kd6 Kf8 68. Ke6 Kg8 69. Kf6
Kh8 70. Kg6 Kg8 71. Ra8# {Black checkmated} 1-0

[Event "ICC tourney 1934 (60 10)"]
[Site "Internet Chess Club"]
[Date "2020.07.25"]
[Round "3"]
[White "ozturkms77"]
[Black "rcww2020"]
[Result "0-1"]
[ICCResult "White resigns"]
[WhiteElo "1384"]
[BlackElo "1363"]
[Opening "Sicilian defense"]
[ECO "B40"]
[NIC "SI.43"]
[Time "17:01:22"]
[TimeControl "3600+10"]

1. e4 c5 2. Nf3 e6 3. c3 Nc6 4. d4 Nf6 5. Bd3 Be7 6. O-O d5 7. e5 Nd7 8. Be3
b6 9. Na3 a6 10. Rc1 c4 11. Bb1 h6 12. h3 Nf8 13. Nc2 Nh7 14. b3 b5 15. b4
Bg5 16. Nxg5 Nxg5 17. Ne1 Nh7 18. Qg4 Kf8 19. Nf3 Ne7 20. Nh4 Ng5 21. Bxg5
hxg5 22. Qxg5 a5 23. a3 axb4 24. axb4 Nc6 25. Qxd8+ Nxd8 26. Nf3 Nc6 27. Bc2
Ra3 28. Bd1 Ke7 29. Nh2 f6 30. f4 Bd7 31. exf6+ gxf6 32. Ng4 Be8 33. Bf3 Bg6
34. Rfe1 Be4 35. Bxe4 dxe4 36. Kf2 f5 37. Ne5 Nxe5 38. fxe5 Ra2+ 39. Re2
Rha8 40. Rcc2 Ra1 41. Re1 Rxe1 42. Kxe1 Ra1+ 43. Kf2 Kf7 44. Re2 Rd1 45. g4
Rd3 46. Re3 Rd2+ 47. Kg3 Kg6 48. gxf5+ Kxf5 49. h4 Rd3 50. Rxd3 cxd3 51. Kf2
Kf4 52. h5 e3+ 53. Ke1 Kf3 54. h6 d2+ 55. Kd1 Kf2 56. h7 e2+ 57. Kxd2 e1=Q+
58. Kd3 Qh1 59. c4 Qxh7+ 60. Kc3 bxc4 61. Kxc4 Qc7+ 62. Kb5 Ke3 {White
resigns} 0-1

[Event "ICC tourney 1934 (60 10)"]
[Site "Internet Chess Club"]
[Date "2020.07.25"]
[Round "3"]
[White "Niteshc"]
[Black "prnavneet"]
[Result "1-0"]
[ICCResult "Black resigns"]
[WhiteElo "1389"]
[BlackElo "1408"]
[Opening "Sicilian: Smith-Morra gambit"]
[ECO "B21"]
[NIC "SI.48"]
[Time "17:01:38"]
[TimeControl "3600+10"]

1. e4 c5 2. d4 cxd4 3. c3 dxc3 4. Nxc3 e6 5. Nf3 a6 6. Bc4 b5 7. Bb3 Bb7 8.
Qe2 d6 9. O-O Nd7 10. Rd1 Ngf6 11. e5 Bxf3 12. gxf3 Nxe5 13. Bf4 Qc7 14.
Bxe5 dxe5 15. Rac1 Qb7 16. Ne4 Be7 17. Kh1 O-O 18. Rg1 Rac8 19. Rcf1 Kh8 20.
Bc2 Qc7 21. Bd3 Nd5 22. Bb1 Nf4 23. Qe3 Bc5 24. Qe1 Qb6 25. Ng5 g6 26. Qxe5+
f6 27. Qxf4 fxg5 28. Qe5+ Kg8 29. Rxg5 Bd4 30. Qg3 Rf6 31. h4 Kf7 32. h5 e5
33. Kg2 Bxb2 34. Rh1 Kg7 35. hxg6 Rxg6 36. Bxg6 hxg6 37. Qh3 Rc2 38. Qh8+
Kf7 39. Rh7+ Ke6 40. Rxg6+ Kd5 41. Rxb6 Bd4 42. Qg8+ Kc5 43. Qc8+ Kxb6 44.
Qxc2 {Black resigns} 1-0

[Event "ICC tourney 1934 (60 10)"]
[Site "Internet Chess Club"]
[Date "2020.07.25"]
[Round "3"]
[White "krishghosh"]
[Black "keb2020"]
[Result "0-1"]
[ICCResult "White resigns"]
[WhiteElo "1402"]
[BlackElo "1489"]
[Opening "King's Indian: London system"]
[ECO "A48"]
[NIC "QP.03"]
[Time "17:01:34"]
[TimeControl "3600+10"]

1. d4 Nf6 2. Nf3 g6 3. Bf4 Bg7 4. Nbd2 d6 5. h3 h6 6. c3 O-O 7. e3 Nc6 8.
Bb5 Bd7 9. O-O e5 10. Bxc6 exf4 11. Bxd7 fxe3 12. fxe3 Qxd7 13. Qc2 Rfe8 14.
Rae1 Rad8 15. e4 Nh7 16. Rf2 c5 17. dxc5 dxc5 18. Nb3 b6 19. Rd2 Qc6 20.
Rxd8 Rxd8 21. Nbd2 Re8 22. Qd3 Nf6 23. c4 Nd7 24. b3 Qc7 25. Nf1 Kh7 26.
N3d2 Ne5 27. Qe3 Nxc4 28. Qe2 Ne5 29. Nc4 Nc6 30. Nfe3 Rxe4 31. Qf3 Qe7 32.
Rf1 f5 33. Nxf5 gxf5 34. Qxf5+ Kh8 35. Qc8+ Qe8 36. Qf5 Nd4 37. Qd5 Ne2+ 38.
Kh2 Qb8+ 39. Kh1 Ng3+ 40. Kg1 Rd4 41. Qf3 Nxf1 42. Qxf1 Qd8 43. Kh2 b5 44.
Ne3 Qd6+ 45. g3 Rd2+ 46. Ng2 Rxa2 47. Qxb5 Qd5 48. Qf1 Qxb3 49. Qf5 Qc2 50.
Qf3 Qxg2+ {White resigns} 0-1

[Event "ICC tourney 1934 (60 10)"]
[Site "Internet Chess Club"]
[Date "2020.07.25"]
[Round "3"]
[White "anshulg"]
[Black "SavageKey-456"]
[Result "1-0"]
[ICCResult "Black resigns"]
[WhiteElo "1500"]
[BlackElo "1335"]
[Opening "Scandinavian defense"]
[ECO "B01"]
[NIC "SD.03"]
[Time "17:22:09"]
[TimeControl "3600+10"]

1. e4 d5 2. exd5 Nf6 3. d4 c6 4. dxc6 Nxc6 5. Nf3 Bg4 6. c3 Qc7 7. Nbd2 e5
8. dxe5 Nxe5 9. Be2 O-O-O 10. O-O h5 11. Re1 Nxf3+ 12. Bxf3 Bc5 13. b4 Bb6
14. Qb3 Be6 15. Qc2 Ng4 16. Bxg4 hxg4 17. Nf1 Rxh2 18. Nxh2 g3 19. Be3 Bxe3
20. Rxe3 gxh2+ 21. Kh1 g6 22. Rd1 Rh8 23. a4 Kb8 24. c4 Qc8 25. c5 f5 26.
Rd6 Bf7 27. Re7 Qg8 28. c6 Bd5 29. c7+ {Black resigns} 1-0

[Event "ICC tourney 1934 (60 10)"]
[Site "Internet Chess Club"]
[Date "2020.07.25"]
[Round "3"]
[White "msk2018"]
[Black "cdj12417489"]
[Result "1-0"]
[ICCResult "Black resigns"]
[WhiteElo "1431"]
[BlackElo "1146"]
[Opening "Queen's pawn: London system"]
[ECO "A45"]
[NIC "QP.07"]
[Time "17:01:47"]
[TimeControl "3600+10"]

1. d4 Nf6 2. Bf4 e6 3. e3 b6 4. h3 Bb7 5. Nf3 Bb4+ 6. c3 Bd6 7. Bxd6 cxd6 8.
Bd3 d5 9. O-O d6 10. Nbd2 Nbd7 11. Re1 O-O 12. e4 dxe4 13. Nxe4 Nxe4 14.
Bxe4 Bxe4 15. Rxe4 Nf6 16. Re1 d5 17. Ne5 Ne4 18. Nc6 Qd6 19. Ne5 f6 20. Nf3
Rae8 21. Nd2 f5 22. Nf3 Qf4 23. Re2 Rf6 24. Ne5 Rh6 25. Qd3 g5 26. g3 Nxg3
27. fxg3 Rxh3 28. gxf4 Rxd3 29. Nxd3 g4 30. Rae1 Kf7 31. Ne5+ Kf6 32. Rh2
Rh8 33. Rh6+ Ke7 34. Ng6+ {Black resigns} 1-0

[Event "ICC tourney 1934 (60 10)"]
[Site "Internet Chess Club"]
[Date "2020.07.25"]
[Round "3"]
[White "whyyoutrysohard"]
[Black "peekaboopenguin"]
[Result "1/2-1/2"]
[ICCResult "Game drawn by mutual agreement"]
[WhiteElo "1350"]
[BlackElo "1276"]
[Opening "Catalan: closed, 5.Nf3"]
[ECO "E06"]
[NIC "CA.05"]
[Time "17:01:36"]
[TimeControl "3600+10"]

1. d4 d5 2. c4 e6 3. Nf3 Nf6 4. g3 Be7 5. Bg2 O-O 6. O-O dxc4 7. Ne5 Nbd7 8.
Nxc4 c6 9. Bf4 b5 10. Bxc6 bxc4 11. Bxa8 Qb6 12. Qc2 Qxd4 13. Rd1 Qc5 14.
Bg2 Rd8 15. e4 e5 16. Be3 Qc7 17. Nd2 Ba6 18. b3 c3 19. Nb1 Bb4 20. a3 Bc5
21. Bxc5 Nxc5 22. Nxc3 Bd3 23. Qb2 Qb6 24. b4 a5 25. Nd5 Nxd5 26. exd5 Bf5
27. Qxe5 Nb3 28. Qxf5 Nxa1 29. Rxa1 axb4 30. axb4 Qxb4 31. Ra7 Rf8 32. Qd7
Qc4 33. d6 Qc5 34. Ra8 Qc1+ 35. Bf1 Rxa8 36. Qb7 Qc8 37. Qxc8+ Rxc8 38. d7
Rd8 39. Bb5 Kf8 40. Kf1 Ke7 41. Ke2 f6 42. Kf3 Ke6 43. Kf4 g6 44. Ke4 Kd6
45. Kd4 h6 46. h4 h5 47. Ke3 Ke5 48. Ba4 g5 49. hxg5 fxg5 50. Kf3 Rf8+ 51.
Kg2 Kd6 52. Kh3 Ke7 53. Kg2 h4 54. gxh4 gxh4 55. Bc6 Kf6 56. Kh3 Kg5 57. f3
Rh8 58. Bb5 Kf4 59. Bc6 Rb8 60. Be4 Rd8 61. Bc6 Rh8 62. Be4 Kg5 63. Bc6 Kf6
64. Be4 Ke7 65. Bc6 Rh6 66. Bb5 Kd8 67. Ba4 Rf6 68. Kg4 Ke7 69. f4 Rh6 70.
Kh3 Rh8 71. Bc6 Kf6 72. Bd5 Kf5 73. Bf7 Kf6 74. Be8 Ke7 75. f5 Rh6 76. f6+
Rxf6 77. Kxh4 Rf8 78. Kg5 Kd8 79. Kg6 Rf1 80. Kg5
{Game drawn by mutual agreement}
1/2-1/2

[Event "ICC tourney 1934 (60 10)"]
[Site "Internet Chess Club"]
[Date "2020.07.25"]
[Round "3"]
[White "skywise"]
[Black "Singireddy"]
[Result "0-1"]
[ICCResult "White resigns"]
[WhiteElo "1565"]
[BlackElo "1763"]
[Opening "King's Indian: 4.e4"]
[ECO "E70"]
[NIC "BI.36"]
[Time "17:01:51"]
[TimeControl "3600+10"]

1. d4 Nf6 2. c4 g6 3. Nc3 Bg7 4. e4 d6 5. Bd3 O-O 6. Nge2 c5 7. d5 e6 8. O-O
exd5 9. cxd5 a6 10. h3 b5 11. Be3 Re8 12. f3 b4 13. Nb1 Nxd5 14. exd5 Bxb2
15. Nd2 Bxa1 16. Nc4 Bg7 17. Bf4 Be5 18. Re1 Bxf4 19. Nxf4 Rxe1+ 20. Qxe1
Bd7 21. Qg3 Bb5 22. Ne3 Bxd3 23. Nxd3 Qf6 24. Qg4 Qd4 25. Qxd4 cxd4 26. Nc4
Nd7 27. Nxb4 a5 28. Nc6 d3 29. Nd2 Nf6 30. Kf2 Re8 31. Nd4 Nxd5 32. Ne4 f5
33. Nd2 Nc3 34. a3 f4 35. Kf1 Nd1 36. Ne4 Ne3+ 37. Kf2 Rxe4 38. fxe4 d2
{White resigns}
0-1

[Event "ICC tourney 1934 (60 10)"]
[Site "Internet Chess Club"]
[Date "2020.07.25"]
[Round "3"]
[White "importantheart"]
[Black "Roger436"]
[Result "1-0"]
[ICCResult "Black checkmated"]
[WhiteElo "1424"]
[BlackElo "1351"]
[Opening "Sicilian defense"]
[ECO "B30"]
[NIC "SI.31"]
[Time "17:01:34"]
[TimeControl "3600+10"]

1. e4 c5 2. Nf3 Nc6 3. c3 Nf6 4. d3 g6 5. Be2 Bg7 6. O-O O-O 7. h3 d5 8. e5
Nd7 9. d4 c4 10. Re1 a6 11. Nbd2 b5 12. Nf1 a5 13. b3 Rb8 14. Rb1 Ba6 15.
Ne3 e6 16. Ba3 b4 17. Bb2 Nb6 18. Qd2 Re8 19. Rec1 Bf8 20. Ng4 Nd7 21. cxb4
Bxb4 22. Qh6 Bf8 23. Qf4 Ne7 24. Ng5 Nf5 25. Nf3 cxb3 26. Bxa6 bxa2 27. Ra1
Rxb2 28. Bd3 h5 29. Bxf5 exf5 30. Ne3 Qb6 31. Nxd5 Qb3 32. Nc3 Bb4 33. Nd2
Qa3 34. Nc4 Qb3 35. Nxb2 Bxc3 36. Qe3 Qxb2 37. Qxc3 Rb8 38. Qxa5 Qxd4 39.
Rxa2 Nxe5 40. Rd2 Qf4 41. Rd8+ Rxd8 42. Qxd8+ Kg7 43. Rc8 Kh6 44. Qf6 Nf3+
45. gxf3 Qg5+ 46. Qxg5+ Kxg5 47. Kg2 Kf4 48. Rf8 Kg5 49. Rxf7 f4 50. h4+
Kxh4 51. Rxf4+ Kg5 52. Kg3 h4+ 53. Rxh4 Kf5 54. f4 Kf6 55. Kg4 Kf7 56. Kg5
Kg7 57. Rh6 Kf7 58. Rxg6 Ke7 59. f5 Ke8 60. f6 Kf8 61. Rg7 Ke8 62. f7+ Kf8
63. Kg6 Ke7 64. Rg8 Ke6 65. f8=Q Kd7 66. Qf6 Kc7 67. Rg7+ Kc8 68. Qf8#
{Black checkmated}
1-0

[Event "ICC tourney 1934 (60 10)"]
[Site "Internet Chess Club"]
[Date "2020.07.25"]
[Round "3"]
[White "minitotoro"]
[Black "chessmaster0981"]
[Result "0-1"]
[ICCResult "White resigns"]
[WhiteElo "1873"]
[BlackElo "1362"]
[Opening "Queen's pawn game, Darooha variation "]
[ECO "D02"]
[NIC "QP.06"]
[Time "17:02:01"]
[TimeControl "3600+10"]

1. d4 Nf6 2. Nf3 d5 3. g3 b6 4. Bg2 Bb7 5. O-O e6 6. Ne5 Nbd7 7. Bf4 Bd6 8.
c4 Qc8 9. Nc3 dxc4 10. e4 c5 11. Nxd7 Qxd7 12. e5 Bxg2 13. Kxg2 cxd4 14.
Qxd4 Qb7+ 15. Kg1 Bc5 16. Qxc4 Nd7 17. Rac1 Rc8 18. Qe2 O-O 19. Qg4 Rfd8 20.
Bh6 Bf8 21. Bf4 Nc5 22. Bg5 Rd7 23. Qe2 h6 24. Bf4 g5 25. Bd2 Bg7 26. f4 Nd3
27. Rb1 gxf4 28. gxf4 Kh8 29. Rf3 Rcd8 30. Ne4 Nc5 31. Nd6 Qd5 32. b3 Nb7
33. Rd3 Qc5+ 34. Be3 Qc7 35. Nb5 Qc6 36. Nxa7 Qe4 37. Rdd1 Rxd1+ 38. Rxd1
Rxd1+ 39. Qxd1 Qxe3+ 40. Kg2 Qxf4 41. Qd7 Nc5 42. Qd8+ Kh7 43. Qxb6 Qg4+ 44.
Kf1 Qf3+ 45. Kg1 Qe3+ 46. Kg2 Bxe5 47. b4 Qe2+ 48. Kh3 Qxh2+ 49. Kg4 Qg3+
50. Kh5 {White resigns} 0-1

[Event "ICC tourney 1934 (60 10)"]
[Site "Internet Chess Club"]
[Date "2020.07.25"]
[Round "3"]
[White "chessKingT"]
[Black "avats"]
[Result "1-0"]
[ICCResult "Black resigns"]
[WhiteElo "1419"]
[BlackElo "1310"]
[Opening "French: Tarrasch, closed variation"]
[ECO "C05"]
[NIC "FR.17"]
[Time "17:01:16"]
[TimeControl "3600+10"]

1. e4 e6 2. d4 d5 3. Nd2 Nf6 4. e5 Nfd7 5. Bd3 c5 6. c3 Nc6 7. Ne2 Qb6 8.
Nf3 cxd4 9. cxd4 Bb4+ 10. Bd2 Bxd2+ 11. Qxd2 O-O 12. O-O a6 13. Rac1 Rd8 14.
Bb1 Nf8 15. Nc3 Bd7 16. Na4 Qa7 17. Nc5 Rac8 18. h3 Be8 19. Qd3 h6 20. Rfe1
Nb8 21. Nh2 Nbd7 22. Nxd7 Bxd7 23. Ng4 Kh8 24. Qe3 Be8 25. f4 Rc4 26. Red1
Rdc8 27. Rxc4 dxc4 28. f5 exf5 29. Bxf5 Bd7 30. Bxd7 Nxd7 31. e6 fxe6 32.
Qxe6 Rc7 33. Qe8+ Kh7 34. Qe4+ Kg8 35. Rf1 Qb8 36. Qg6 Kh8 37. Nxh6 gxh6 38.
Rf7 Qg8 39. Qxh6+ {Black resigns} 1-0

[Event "ICC tourney 1934 (60 10)"]
[Site "Internet Chess Club"]
[Date "2020.07.25"]
[Round "3"]
[White "CoastalJourney"]
[Black "clair"]
[Result "1/2-1/2"]
[ICCResult "Game drawn because neither player has mating material"]
[WhiteElo "1319"]
[BlackElo "1523"]
[Opening "Modern defense"]
[ECO "A40"]
[NIC "QO.17"]
[Time "17:06:43"]
[TimeControl "3600+10"]

1. d4 g6 2. c4 Bg7 3. Nc3 d6 4. Nf3 e6 5. Bf4 Ne7 6. e3 Nd7 7. Be2 O-O 8.
O-O Nf6 9. Qc2 Nh5 10. Bg3 Nxg3 11. hxg3 b6 12. Rad1 Bb7 13. Rfe1 Qc8 14.
Bd3 Rd8 15. b3 c5 16. Be2 d5 17. cxd5 Nxd5 18. Nxd5 Bxd5 19. dxc5 bxc5 20.
e4 Bb7 21. Rxd8+ Qxd8 22. Qxc5 Bxe4 23. Rd1 Qb6 24. Qc4 Bd5 25. Qc2 Qb7 26.
Rc1 Bh6 27. Rd1 Rc8 28. Qd3 Bg7 29. Qa6 Qxa6 30. Bxa6 Rc2 31. Rd2 Rc1+ 32.
Kh2 h5 33. Nd4 Bxd4 34. Rxd4 Rc2 35. Kg1 Rxa2 36. Bc4 Ra1+ 37. Kh2 Rb1 38.
Bxd5 exd5 39. Rxd5 Rxb3 40. Ra5 Rb7 41. Kh3 Kg7 42. g4 hxg4+ 43. Kxg4 Kf6
44. f4 Rb2 45. g3 Rb7 46. Ra6+ Ke7 47. f5 gxf5+ 48. Kxf5 Rb5+ 49. Kf4 Rb7
50. g4 Kd7 51. Kf5 Ke7 52. g5 Rc7 53. Ke5 Rb7 54. Kf5 Rb5+ 55. Kf4 Rb7 56.
Ke5 Kf8 57. Kf5 Kg7 58. Ke5 Re7+ 59. Kf5 Kh7 60. Kf6 Re6+ 61. Rxe6 fxe6 62.
Kxe6 Kg6 63. Kd6 a5 64. Kc5 a4 65. Kb4 a3 66. Kxa3 Kxg5
{Game drawn because neither player has mating material}
1/2-1/2

[Event "ICC tourney 1934 (60 10)"]
[Site "Internet Chess Club"]
[Date "2020.07.25"]
[Round "3"]
[White "erumaimadugod"]
[Black "Mapking1"]
[Result "1/2-1/2"]
[ICCResult "Game drawn because neither player has mating material"]
[WhiteElo "1481"]
[BlackElo "1487"]
[Opening "Sicilian: closed, 2...Nc6"]
[ECO "B23"]
[NIC "SI.44"]
[Time "17:01:36"]
[TimeControl "3600+10"]

1. e4 c5 2. Nc3 Nc6 3. Bb5 Nd4 4. Bc4 e6 5. Nge2 g6 6. Nxd4 cxd4 7. Ne2 Bg7
8. O-O Ne7 9. d3 O-O 10. Bf4 d5 11. Bb3 dxe4 12. dxe4 e5 13. Bg3 Kh8 14. f4
Qb6 15. Kh1 Nc6 16. fxe5 Bg4 17. h3 Bxe2 18. Qxe2 Bxe5 19. Bh4 Kg7 20. Qf2
f5 21. exf5 Rxf5 22. Qe2 Raf8 23. Rxf5 Rxf5 24. Rf1 Rxf1+ 25. Qxf1 Qc7 26.
Qc4 Kh6 27. g4 Bf4 28. Qg8 g5 29. Bf2 Qg7 30. Qe8 Qe5 31. Qh5+ Kg7 32. Qf7+
Kh6 33. Qf8+ Qg7 34. Qf5 Qg6 35. Qc5 Qe4+ 36. Kg1 Qe5 37. Qxe5 Bxe5 38. Kg2
Kg6 39. Kf3 Kf6 40. Ke4 a5 41. Bd5 Nb4 42. Bxd4 Bxd4 43. Kxd4 Nxc2+ 44. Kc3
Nb4 45. Bxb7 Nxa2+ 46. Kc4 Nb4 47. Kb5 Nd3 48. b3 Ke5 49. Bf3 Kf4 50. Be2
Nc1 51. Bd1 Kg3 52. Kxa5 Nxb3+ 53. Bxb3 Kxh3 54. Be6 Kh4 55. Kb5 h5 56. gxh5
Kxh5 57. Kc4 g4 58. Bxg4+
{Game drawn because neither player has mating material}
1/2-1/2

[Event "ICC tourney 1934 (60 10)"]
[Site "Internet Chess Club"]
[Date "2020.07.25"]
[Round "3"]
[White "rpughiii"]
[Black "chessKingR"]
[Result "0-1"]
[ICCResult "White resigns"]
[WhiteElo "1307"]
[BlackElo "1438"]
[Opening "Réti: King's Indian attack (Barcza system)"]
[ECO "A07"]
[NIC "QP.09"]
[Time "17:02:09"]
[TimeControl "3600+10"]

1. Nf3 d5 2. g3 c6 3. Bg2 Nf6 4. O-O Bf5 5. d3 e6 6. Nbd2 h6 7. Re1 Nbd7 8.
e4 Bg6 9. e5 Ng8 10. Qe2 Ne7 11. Nb3 c5 12. Bf4 Nc6 13. Nh4 Bh7 14. Nf3 Be7
15. Rad1 O-O 16. h4 b5 17. Nh2 g5 18. Bc1 Ncxe5 19. f4 Ng6 20. h5 Nh8 21.
Ng4 Kg7 22. Bxd5 exd5 23. Qxe7 Qxe7 24. Rxe7 Bf5 25. Ne5 Nxe5 26. Rxe5 Bg4
27. Rde1 c4 28. dxc4 dxc4 29. Nd4 f6 30. Re7+ Rf7 31. Nxb5 Bxh5 32. Nd6 Rxe7
33. Rxe7+ Kg8 34. Nxc4 Ng6 35. Re6 Rc8 36. b3 gxf4 37. Bxf4 Nxf4 38. g4 Nxe6
{White resigns}
0-1

[Event "ICC tourney 1934 (60 10)"]
[Site "Internet Chess Club"]
[Date "2020.07.25"]
[Round "3"]
[White "PatrickChen"]
[Black "TeeKay2020"]
[Result "1/2-1/2"]
[ICCResult "Game drawn by mutual agreement"]
[WhiteElo "1539"]
[BlackElo "1473"]
[Opening "QGD: exchange, positional line"]
[ECO "D35"]
[NIC "QO.16"]
[Time "17:01:28"]
[TimeControl "3600+10"]

1. d4 e6 2. c4 d5 3. Nc3 Nf6 4. cxd5 exd5 5. Bg5 Be7 6. Qc2 c6 7. e3 Nbd7 8.
Bd3 h6 9. Bf4 Nh5 10. Bg3 Nxg3 11. hxg3 Bd6 12. Nf3 Qe7 13. O-O O-O 14. e4
dxe4 15. Nxe4 Nf6 16. Nxd6 Qxd6 17. Rfe1 Bd7 18. Rad1 Nd5 19. a3 Bg4 20. Rd2
Bxf3 21. gxf3 Rfe8 22. Rde2 Rxe2 23. Qxe2 Nf6 24. Qe5 Rd8 25. Rd1 Qxe5 26.
dxe5 Nd5 27. Be4 Kf8 28. f4 Ke7 29. f5 Nb6 30. Rxd8 Kxd8 31. b3 Ke7 32. f4
Nd7 33. Kf2 Nc5 34. Bc2 f6 35. Ke3 Na6 36. Ke4 Nc7 37. Bd3 Nd5 38. Kd4 Kd7
39. Bc4 Ne7 40. Be6+ Kc7 41. Kc5 b6+ 42. Kc4 Kb7 43. g4 Kc7 44. b4 Kb7 45.
Kd4 Kc7 46. a4 Kd8 47. Ke4 Ke8 48. g5 hxg5 49. fxg5 fxg5 50. f6 gxf6 51.
exf6 Ng6 52. Kf5 Nf4 53. Bc4 {Game drawn by mutual agreement} 1/2-1/2

[Event "ICC tourney 1934 (60 10)"]
[Site "Internet Chess Club"]
[Date "2020.07.25"]
[Round "3"]
[White "ScoutViolet"]
[Black "HAPPYKING99"]
[Result "1-0"]
[ICCResult "Black checkmated"]
[WhiteElo "1304"]
[BlackElo "1228"]
[Opening "Sicilian defense"]
[ECO "B40"]
[NIC "SI.43"]
[Time "17:01:15"]
[TimeControl "3600+10"]

1. e4 c5 2. Nf3 e6 3. Nc3 a6 4. a3 b5 5. d4 cxd4 6. Nxd4 Qc7 7. Be3 Nf6 8.
Be2 Bb7 9. f3 Be7 10. O-O O-O 11. Qd2 d6 12. Rad1 Nbd7 13. Kh1 Rac8 14. Bg5
h6 15. Bh4 Nc5 16. Bg3 Nh5 17. Bf2 Nf6 18. Rg1 Kh7 19. Be3 d5 20. exd5 Nxd5
21. Nxd5 Bxd5 22. b4 Nd7 23. Bd3+ g6 24. Bxh6 Rh8 25. Ne2 Kg8 26. Bf4 Bd6
27. Bxd6 Qxd6 28. Qf4 e5 29. Qg3 Kg7 30. h3 Qc6 31. Rgf1 Rhe8 32. Qf2 Nb6
33. Ra1 Re6 34. Qg3 Bc4 35. Rac1 Nd5 36. Rfe1 Qc7 37. Bf5 Bxe2 38. Bxe6 fxe6
39. Rxe2 Nf4 40. Ree1 Qc3 41. Qg5 Kf7 42. Qh6 Nh5 43. Qh7+ Ng7 44. Rcd1 Rc7
45. Re4 Qxc2 46. Rd8 Rc4 47. Qg8+ Kf6 48. Rf8+ Kg5 49. h4+ Kh5 50. Qh8#
{Black checkmated}
1-0

[Event "ICC tourney 1934 (60 10)"]
[Site "Internet Chess Club"]
[Date "2020.07.25"]
[Round "3"]
[White "geowhiz27"]
[Black "goodcrowdchess"]
[Result "0-1"]
[ICCResult "White checkmated"]
[WhiteElo "1203"]
[BlackElo "1482"]
[Opening "Four knights: Ranken variation"]
[ECO "C48"]
[NIC "KP.03"]
[Time "17:01:50"]
[TimeControl "3600+10"]

1. e4 e5 2. Nf3 Nc6 3. Nc3 Nf6 4. Bb5 a6 5. Bxc6 dxc6 6. Nxe5 Qe7 7. d4 Be6
8. Bg5 h6 9. Bh4 O-O-O 10. Nf3 g5 11. Bg3 c5 12. e5 Bc4 13. b3 cxd4 14. Ne2
Bxe2 15. exf6 Qxf6 16. Qxe2 d3 17. Qe5 Bb4+ 18. Kf1 Qc6 19. cxd3 Bc3 20.
Qf5+ Kb8 21. Rc1 Rd5 22. Qe4 f5 23. Rxc3 fxe4 24. Rxc6 bxc6 25. dxe4 Rd1+
26. Ne1 Rhd8 27. Be5 Re8 28. Bc3 Rxe4 29. g3 Rc1 30. Bd2 Rd1 31. Be3 Ra1 32.
a4 Rb4 33. Kg2 Rxb3 34. Nc2 Rxa4 35. Nd4 Rc3 36. Rb1+ Kc8 37. Nf5 Ra2 38.
Kh3 a5 39. Nxh6 a4 40. Bxg5 Rb3 41. Rc1 Rxf2 42. Rxc6 a3 43. Ra6 a2 44. Ng4
Kb7 45. Ra4 Re2 46. Bf6 Kb6 47. Nh6 c5 48. Nf5 Rf2 49. Bd8+ Kb5 50. Ra5+ Kb4
51. Ra8 Ra3 52. Rb8+ Kc3 53. g4 a1=Q 54. Bf6+ Kc4+ 55. Ne3+ Rxe3+ 56. Kh4
Qxf6+ 57. g5 Rxh2+ 58. Kg4 Qf3# {White checkmated} 0-1

[Event "ICC tourney 1934 (60 10)"]
[Site "Internet Chess Club"]
[Date "2020.07.25"]
[Round "3"]
[White "Sanyi9Pakh"]
[Black "dabpacman"]
[Result "1-0"]
[ICCResult "Black checkmated"]
[WhiteElo "1482"]
[BlackElo "1217"]
[Opening "Old Benoni defense"]
[ECO "A46"]
[NIC "QP.06"]
[Time "17:01:37"]
[TimeControl "3600+10"]

1. d4 Nf6 2. Nf3 c5 3. d5 d6 4. c4 b5 5. cxb5 a6 6. bxa6 g6 7. g3 Bg7 8. Bg2
O-O 9. O-O Bxa6 10. Nc3 Nbd7 11. h3 Qc7 12. Re1 Rfb8 13. Rb1 Bc4 14. b3 Ba6
15. Bb2 Nb6 16. e4 Nfd7 17. a4 Ne5 18. Nxe5 Bxe5 19. Bf1 Bxf1 20. Kxf1 Bxc3
21. Bxc3 c4 22. Qd4 f6 23. a5 Nd7 24. Qxc4 Qxc4+ 25. bxc4 Nc5 26. f3 Nb3 27.
Rb2 Nc5 28. Rb5 Rc8 29. Ra1 Na6 30. Bd4 Rxc4 31. Bb6 Rc3 32. Bf2 Kf8 33. f4
Ke8 34. Rab1 Rc7 35. Rb7 Kd7 36. Rxc7+ Kxc7 37. Bb6+ Kd7 38. Rc1 g5 39. f5
h6 40. Ke2 h5 41. Rc4 Ke8 42. Kd3 Kd7 43. Kc3 g4 44. h4 Nc5 45. Bxc5 dxc5
46. Rxc5 Kd6 47. Rc6+ Ke5 48. Re6# {Black checkmated} 1-0